 Dungeon Crawl Stone Soup version 0.30-b1-2-g02819fbbbe (webtiles) character file.

Game seed: 32866599532759652

216696 LLlMATKO the Spry (level 18, -12/267 HPs)
             Began as a Minotaur Berserker on Aug 3, 2023.
             Was a High Priest of Trog.
             Killed from afar by a frost giant (29 damage)
             ... with a bolt of cold
             ... in an ice cave on Aug 4, 2023.
             The game lasted 00:44:01 (39690 turns).

LLlMATKO the Spry (Minotaur Berserker)             Turns: 39690, Time: 00:44:01

Health: -12/267    AC: 27    Str: 34    XL:     18   Next: 36%
Magic:  17/17      EV: 19    Int:  5    God:    Trog [*****.]
Gold:   1496       SH: 25    Dex: 18    Spells: 17/17 levels left

rFire   + + +        P - +4 broad axe (flame)
rCold   . . .        U - +2 tower shield
rNeg    + . .        x - +0 plate armour
rPois   +            Y - +1 hat {Will+}
rElec   +            b - +1 cloak
rCorr   .            y - +1 pair of gloves {Dex+3}
SInv    .            T - +0 pair of boots of Obucwys {Fly rN+ Int+3}
Will    ++...        t - amulet "Efuffaim" {Reflect Int+4 SH+5 Stlth+} Stlth
                     O - ring "Cuzeixt" {rPois rF++ Str+2 Int-4 Slay+4}
HPRegen 0.64/turn    A - ring of Wewn {rElec rF+ Str+7 Int-2}
MPRegen 0.15/turn

%: reflection
@: berserking (expiring), flying, studying Stealth, very quick
A: horns 2, retaliatory headbutt
}: 1/15 runes: decaying
a: Renounce Religion, Berserk, Trog's Hand, Brothers in Arms


You were in an ice cave.
You worshipped Trog.
Trog was extremely pleased with you.
You visited 5 branches of the dungeon, and saw 30 of its levels.
You also visited: Bailey, Gauntlet and Ice Cave.

You collected 3307 gold pieces.
You spent 1811 gold pieces at shops.

Inventory:

Hand Weapons
 D - a +3 battleaxe of freezing
 F - a +3 broad axe of flaming
 I - a +6 antimagic executioner's axe
 P - a +4 broad axe of flaming (weapon)
 R - a +2 broad axe of electrocution
Missiles
 r - 16 boomerangs (quivered)
 u - a throwing net
 M - 4 silver javelins
Armour
 b - a +1 cloak (worn)
 x - a +0 plate armour (worn)
 y - a +1 pair of gloves of dexterity (worn)
 T - the +0 pair of boots of Obucwys (worn) {Fly rN+ Int+3}
   (You acquired it on level 14 of the Dungeon)

   Int:       It affects your intelligence (+3).
   rN:        It protects you from negative energy.
   Fly:       It grants you flight.
 U - a +2 tower shield (worn)
 Y - a +1 hat of willpower (worn)
Jewellery
 t - the amulet "Efuffaim" (around neck) {Reflect Int+4 SH+5 Stlth+}
   (You found it in a Gauntlet)

   [amulet of reflection]

   It reflects blocked missile attacks.
   Int:       It affects your intelligence (+4).
   SH:        It affects your SH (+5).
   Stlth:     It makes you more stealthy.
 w - an amulet of regeneration
 A - the ring of Wewn (right hand) {rElec rF+ Str+7 Int-2}
   (You acquired it on level 1 of the Lair of Beasts)

   [ring of protection from fire]

   Str:       It affects your strength (+7).
   Int:       It affects your intelligence (-2).
   rF:        It protects you from fire.
   rElec:     It insulates you from electricity.
 K - a ring of magical power
 O - the ring "Cuzeixt" (left hand) {rPois rF++ Str+2 Int-4 Slay+4}
   (You acquired it on level 5 of the Lair of Beasts)

   [ring of slaying]

   Str:       It affects your strength (+2).
   Int:       It affects your intelligence (-4).
   Slay:      It affects your accuracy & damage with ranged weapons and melee
   (+4).
   rF:        It greatly protects you from fire.
   rPois:     It protects you from poison.
 Q - a ring of see invisible
 V - a ring of flight
Wands
 h - a wand of quicksilver (10)
 n - a wand of flame (71)
 v - a wand of paralysis (37)
 B - a wand of roots (17)
 G - a wand of digging (8)
 N - a wand of mindburst (8)
 X - a wand of polymorph (3)
Scrolls
 c - 21 scrolls of identify
 d - 3 scrolls of brand weapon
 j - 4 scrolls of fear
 m - 9 scrolls of fog
 o - 12 scrolls of teleportation
 p - 7 scrolls of poison
 q - 8 scrolls of enchant armour
 z - a scroll of silence
 C - 3 scrolls of blinking
 J - 7 scrolls of enchant weapon
 S - 2 scrolls of summoning
Potions
 a - 2 potions of magic
 e - a potion of ambrosia
 f - 10 potions of heal wounds
 g - 18 potions of curing
 i - 6 potions of invisibility
 k - 15 potions of flight
 l - a potion of lignification {unknown}
 s - 7 potions of haste
 E - 5 potions of mutation {unknown}
 H - 4 potions of might
 L - a potion of resistance
 Z - 2 potions of cancellation {unknown}


   Skills:
 + Level 19.7 Fighting
 + Level 19.8 Axes
 + Level 19.6 Armour
 + Level 20.3 Dodging
 + Level 11.0 Shields


You had 17 spell levels left.
You didn't know any spells.
Your spell library was empty.

Dungeon Overview and Level Annotations

Branches:
Dungeon (15/15)            Temple (0/1) D:6            Lair (5/5) D:11
  Swamp (4/4) Lair:3       Spider (4/4) Lair:2        Slime (0/5) Lair:5
    Orc (2/2) D:11            Elf (0/3) Orc:2        Vaults (0/5) D:13
 Depths (0/4) D:15         Bailey (visited)           IceCv (1/1)
Gauntlet (visited)

Altars:
Ashenzari
Cheibriados
Dithmenos
Elyvilon
Fedhas
Gozag
Hepliaklqana
Makhleb
Nemelex Xobeh
Sif Muna
Uskayaw
Vehumet
Xom
Zin
Jiyva

Shops:
D:6 :   D:11 *   Orc:1 *   Orc:2 =[**!


Innate Abilities, Weirdness & Mutations

You have a pair of horns on your head.
You reflexively headbutt those who attack you in melee.


Message History

Trog accepts your kill.
Trog appreciates your killing of a magic user.
You hear a splash.
The ice dragon breathes frost at you.
The blast of cold hits the rime drake!
The rime drake resists.
The blast of cold misses you.
You slash the rime drake! You burn the rime drake.
The rime drake is almost dead.
You are engulfed in freezing vapours.
* * * LOW HITPOINT WARNING * * *
The rime drake is engulfed in freezing vapours.
The rime drake dies!
You are engulfed in freezing vapours.
* * * LOW HITPOINT WARNING * * *
The frost giant gestures at you while chanting.
The bolt of cold hits the ice dragon.
The ice dragon resists.
The bolt of cold misses you. You block the ice dragon's attack. x2
The ice dragon closely misses you.
Unknown command.
You slash the ice dragon! You burn the ice dragon.
Your headbutt misses the ice dragon.
The ice dragon is moderately wounded.
You are engulfed in freezing vapours.
* * * LOW HITPOINT WARNING * * *
You block the ice dragon's attack. x3
You slice the ice dragon!! You burn the ice dragon!
The ice dragon is severely wounded.
You are engulfed in freezing vapours.
* * * LOW HITPOINT WARNING * * *
You slice the ice dragon!! You burn the ice dragon.
The ice dragon is almost dead.
The ice dragon barely misses you. You block the ice dragon's attack.
The ice dragon tramples you but does no damage.
You cut the ice dragon into ribbons!!! You burn the ice dragon.
You kill the ice dragon!
Trog accepts your kill.
The ice dragon scales are intact enough to wear.
The frost giant points at you and mumbles some strange words.
The bolt of cold hits you!!
You die...

....####
#.#.# #..##
##..## ####
#..## ##.##
#.#.###
##.≈≈≈###
##°≈≈≈≈#
#≈≈≈####
#≈≈≈@#
#####CC.....
...###. ..##
..# ..# ...
...


You could see 2 frost giants.

Vanquished Creatures
  Jorgrun (Spider:3)
  Frances (Spider:1)
  The ghost of rinqtmith the Brawler, a journeyman TrFi of Wu Jian (Lair:5)
  3 fenstrider witches
  An emperor scorpion (Spider:4)
  A frost giant (IceCv)
  2 ghost moths (Spider:1)
  A ghoul (Swamp:4)
  A broodmother (Spider:4)
  4 eleionomae
  A stone giant (D:15)
  Nessos (Lair:5)
  A minotaur (Gauntlet)
  A white draconian (IceCv)
  A spark wasp (Spider:2)
  7 bunyips
  A shambling mangrove (Swamp:4)
  Josephine (Orc:1)
  4 entropy weavers
  4 fire dragons
  3 jorogumos
  An anaconda (Lair:5)
  Erolcha (Orc:1)
  22 hydras
  A catoblepas (Lair:5)
  4 radroaches
  3 ironbound frosthearts (IceCv)
  4 boulder beetles
  An ogre mage (D:14)
  3 ice dragons (IceCv)
  Erica (D:8)
  2 centaur warriors
  A dancing weapon (D:10)
  4 ghost crabs (D:11)
  8 two-headed ogres
  9 alligators
  The ghost of Dragonaires the Protected, a journeyman GrFi of Makhleb (Orc:1)
  4 death yaks (Lair:4)
  A deep troll earth mage (D:14)
  5 orc high priests (Orc:2)
  A spriggan berserker (Swamp:2)
  2 thrashing horrors (Gauntlet)
  3 tengu warriors
  Amaemon (Lair:1)
  6 fire crabs
  7 skeletal warriors
  6 pharaoh ants
  A deep elf knight (Swamp:2)
  A skyshark (Lair:2)
  7 goliath frogs
  8 swamp dragons
  8 orb spiders
  A sun moth (Spider:1)
  An obsidian statue (Orc:1)
  6 spriggan druids
  Lodul (D:13)
  5 bog bodies
  2 lindwurms (Swamp:4)
  2 deep elf pyromancers
  2 necromancers
  5 orc knights
  6 steelbarb worms
  20 wolf spiders
  2 orc sorcerers
  3 moths of wrath
  5 cyclopes
  9 ugly things
  5 manticores
  3 will-o-the-wisps
  18 elephants
  3 demonic crawlers
  9 torpor snails
  An apocalypse crab (D:11)
  A gargoyle (D:13)
  3 black mambas
  10 cane toads
  An orange demon (Lair:1)
  An unseen horror (D:10)
  10 rime drakes
  11 komodo dragons
  An efreet (D:14)
  2 kobold demonologists (D:14)
  3 tengu conjurers (D:14)
  3 trolls
  A polar bear (shapeshifter) (D:14)
  A merfolk (D:9)
  7 tyrant leeches
  8 blink frogs (Lair:4)
  20 tarantellas
  14 polar bears
  6 hornets
  2 raiju (Lair:5)
  4 dream sheep (Lair:5)
  6 slime creatures
  14 jumping spiders
  25 culicivoras
  7 spriggans
  3 shadows
  A yak (shapeshifter) (D:14)
  7 wraiths
  4 vampires
  2 wyverns
  60 yaks
  5 basilisks
  5 steam dragons
  33 redbacks
  11 vampire mosquitoes
  4 acid dragons
  7 wargs
  9 water moccasins
  12 swamp worms
  13 hell hounds (Lair:5)
  9 swamp drakes
  16 black bears
  32 orc warriors
  3 sky beasts
  An ice beast (D:5)
  4 boggarts (D:14)
  11 ogres
  33 wolves
  7 centaurs
  2 phantoms (D:11)
  A kobold brigand (D:10)
  16 bullfrogs
  2 small abominations (Gauntlet)
  2 gnoll sergeants
  5 scorpions
  14 wights
  9 killer bees
  6 electric eels
  3 troll zombies (D:11)
  3 howler monkeys
  A lava snake (Swamp:4)
  5 jellies
  4 hounds
  21 orc priests
  2 gnoll boudas
  10 iguanas
  A sleepcap (D:4)
  Jessica (D:2)
  22 orc wizards
  3 ogre zombies (D:11)
  27 gnolls
  2 river rats (D:5)
  7 adders
  3 white imps
  An ufetubus (D:7)
  A worm (D:4)
  2 dart slugs
  81 orcs
  6 ball pythons
  5 bats
  7 endoplasms
  4 giant cockroaches
  11 hobgoblins
  5 jackals (D:1)
  15 kobolds
  4 quokkas
  A frilled lizard (D:1)
  6 goblins
  4 goblin skeletons (D:11)
  7 goblin zombies (D:11)
  2 hobgoblin skeletons (D:11)
  3 orc skeletons (D:11)
  9 orc zombies (D:11)
  8 rats
1084 creatures vanquished.

Vanquished Creatures (collateral kills)
  A ghost moth (Spider:4)
  The ghost of Seisakk the Thaumaturge, a journeyman GnHW of Ashenzari (D:13)
  A minotaur (Lair:5)
  A spriggan air mage (Swamp:4)
  An ice dragon (Spider:4)
  A dancing weapon (D:13)
  A pharaoh ant (Spider:4)
  2 steelbarb worms (Spider:4)
  2 orc knights (Orc:2)
  The ghost of Mehrius the Covert, a novice SpBr of Dithmenos (D:10)
  A torpor snail (Spider:4)
  A komodo dragon (Lair:5)
  A kobold demonologist (D:14)
  A tarantella (Spider:4)
  3 jumping spiders (Spider:4)
  10 orc warriors
  2 ogres
  A boggart (D:14)
  A gnoll sergeant (Orc:1)
  A troll zombie (D:11)
  5 orc priests (Orc:2)
  An ogre zombie (D:11)
  3 orcs (Orc:2)
43 creatures vanquished.

Vanquished Creatures (others)
  A swamp dragon (Swamp:4)
  A rime drake (IceCv)
  2 bloated husks
  A polar bear (IceCv)
  A steam dragon (Swamp:4)
  3 swamp drakes (Swamp:4)
  14 demonic plants (Gauntlet)
  8 foxfires
  57 fungi
  101 plants
189 creatures vanquished.

Grand Total: 1316 creatures vanquished

Notes
Turn   | Place    | Note
-------+----------+-------------------------------------------
     0 | D:1      | LLlMATKO the Minotaur Berserker began the quest for the
                  | Orb.
     0 | D:1      | Reached XP level 1. HP: 19/19 MP: 0/0
    71 | D:1      | Reached XP level 2. HP: 27/27 MP: 1/1
   425 | D:1      | Reached XP level 3. HP: 33/33 MP: 2/2
   445 | D:1      | Reached ** piety under Trog
   840 | D:2      | Noticed Jessica
   846 | D:2      | Killed Jessica
   847 | D:2      | Reached skill level 3 in Dodging
   958 | D:2      | Reached XP level 4. HP: 40/40 MP: 3/3
  1916 | D:3      | Reached XP level 5. HP: 28/47 MP: 4/4
  2264 | D:4      | Found a blossoming altar of Fedhas.
  2350 | D:4      | Found a burning altar of Makhleb.
  2354 | D:4      | Reached *** piety under Trog
  2410 | D:4      | Reached skill level 5 in Fighting
  2505 | D:4      | Reached skill level 5 in Axes
  2559 | D:4      | Reached skill level 4 in Dodging
  2559 | D:4      | Reached XP level 6. HP: 56/56 MP: 5/5
  2911 | D:4      | Found a shadowy altar of Dithmenos.
  2916 | D:4      | Found a snail-covered altar of Cheibriados.
  3109 | D:5      | Entered Level 5 of the Dungeon
  3144 | D:5      | Reached skill level 5 in Armour
  3156 | D:5      | Reached XP level 7. HP: 36/62 MP: 6/6
  3215 | D:5      | Reached skill level 5 in Dodging
  3482 | D:5      | Found a shimmering blue altar of Sif Muna.
  3642 | D:5      | Reached XP level 8. HP: 26/71 MP: 7/7
  4511 | D:6      | Found a staircase to the Ecumenical Temple.
  4551 | D:6      | Reached **** piety under Trog
  4557 | D:6      | Reached skill level 6 in Dodging
  5166 | D:6      | Found Purgh's Book Shop.
  5763 | D:7      | Found a flagged portal.
  5777 | Bailey   | Entered a bailey
  6253 | Bailey   | Reached XP level 9. HP: 75/81 MP: 8/8
  6313 | Bailey   | Noticed an orc knight
  6325 | Bailey   | Killed an orc knight
  6326 | Bailey   | Reached skill level 7 in Dodging
  6422 | Bailey   | Identified the staff of conjuration "Rusepeuw" {rF+ Dex+3}
  7252 | D:7      | Reached skill level 8 in Dodging
  7568 | D:8      | Found a sparkling altar of Nemelex Xobeh.
  7769 | D:8      | Reached XP level 10. HP: 87/87 MP: 9/9
  7912 | D:8      | Noticed Erica
  7926 | D:8      | Killed Erica
  8269 | D:8      | Reached ***** piety under Trog
  8586 | D:9      | Reached skill level 10 in Fighting
  8587 | D:9      | Reached skill level 10 in Axes
  8592 | D:9      | Reached skill level 9 in Dodging
  8831 | D:9      | Found a hazy altar of Hepliaklqana.
  8990 | D:9      | Noticed a two-headed ogre
  8998 | D:9      | Killed a two-headed ogre
  8999 | D:9      | Reached skill level 10 in Armour
  9660 | D:10     | Entered Level 10 of the Dungeon
  9681 | D:10     | Noticed a centaur warrior
  9692 | D:10     | Killed a centaur warrior
  9693 | D:10     | Reached XP level 11. HP: 53/101 MP: 10/10
  9890 | D:10     | Found a glowing silver altar of Zin.
  9902 | D:10     | Noticed a two-headed ogre
  9913 | D:10     | Killed a two-headed ogre
 10407 | D:10     | Reached skill level 10 in Dodging
 10552 | D:10     | Found a runed translucent door.
 10553 | D:10     | Found a shimmering altar of Xom.
 10553 | D:10     | Noticed Mehrius's ghost (novice SpBr)
 10553 | D:10     | Noticed a +1 mace of chaos
 10683 | D:10     | Found a hide-covered altar of Uskayaw.
 11127 | D:10     | Killed a +1 mace of chaos
 11137 | D:10     | Killed Mehrius's ghost
 11393 | D:11     | Found a staircase to the Lair.
 11694 | D:11     | Noticed a skeletal warrior
 11723 | D:11     | Killed a skeletal warrior
 11811 | D:11     | Identified the +1 long sword of Meock {flame, SInv}
 11849 | D:11     | Reached skill level 11 in Dodging
 11860 | D:11     | Received a gift from Trog
 11964 | D:11     | Found a staircase to the Orcish Mines.
 12121 | D:11     | Found a runed translucent door.
 12125 | D:11     | Noticed a fire crab
 12170 | D:11     | Noticed a two-headed ogre
 12177 | D:11     | Killed a two-headed ogre
 12178 | D:11     | Reached XP level 12. HP: 89/112 MP: 11/11
 12858 | D:11     | Found Latzim's General Store.
 13038 | D:11     | Noticed a boulder beetle
 13077 | D:11     | Killed a boulder beetle
 13732 | D:11     | Found a staircase to the Lair.
 13762 | D:11     | Found a staircase to the Orcish Mines.
 13841 | D:11     | Found Latzim's General Store.
 15061 | D:11     | Noticed an entropy weaver
 15076 | D:11     | Killed an entropy weaver
 15537 | D:11     | Noticed an entropy weaver
 15556 | D:11     | Killed an entropy weaver
 15590 | D:11     | Noticed a ghost crab
 15609 | D:11     | Killed a ghost crab
 15610 | D:11     | Reached skill level 12 in Dodging
 15668 | D:11     | Noticed a ghost crab
 15677 | D:11     | Killed a ghost crab
 15736 | D:11     | Noticed an entropy weaver
 15746 | D:11     | Killed an entropy weaver
 15807 | D:11     | Noticed a ghost crab
 15807 | D:11     | Noticed a ghost crab
 15823 | D:11     | Killed a ghost crab
 15883 | D:11     | Killed a ghost crab
 16041 | D:11     | Noticed an entropy weaver
 16043 | D:11     | an entropy weaver changed into a tarantella
 16653 | D:11     | Found a staircase to the Lair.
 16683 | D:11     | Found a staircase to the Orcish Mines.
 16762 | D:11     | Found Latzim's General Store.
 17753 | Lair:1   | Entered Level 1 of the Lair of Beasts
 17753 | Lair:1   | Noticed Amaemon
 17776 | Lair:1   | Killed Amaemon
 18060 | Lair:1   | Identified a scroll of acquirement
 18060 | Lair:1   | Acquired the ring of Wewn {rElec rF+ Str+7 Int-2}
 18131 | Lair:1   | Reached XP level 13. HP: 123/123 MP: 4/12
 18857 | Lair:2   | Found a gate leading to a gauntlet.
 18871 | Gauntlet | Entered a Gauntlet
 18871 | Gauntlet | Found a transporter.
 18881 | Gauntlet | Found a transporter.
 18895 | Gauntlet | Found a transporter.
 18900 | Gauntlet | Found a transporter.
 18915 | Gauntlet | Found a transporter.
 18934 | Gauntlet | Found a transporter.
 18946 | Gauntlet | Found a transporter.
 18958 | Gauntlet | Found a transporter.
 18970 | Gauntlet | Found a transporter.
 18976 | Gauntlet | Found a transporter.
 18976 | Gauntlet | Found a transporter.
 18991 | Gauntlet | Found a transporter.
 19001 | Gauntlet | Noticed a quicksilver ooze
 19010 | Gauntlet | Found a transporter.
 19027 | Gauntlet | Found a transporter.
 19054 | Gauntlet | Found a transporter.
 19074 | Gauntlet | Found a transporter.
 19172 | Gauntlet | Found a transporter.
 19265 | Gauntlet | Found a transporter.
 19439 | Gauntlet | Identified the +3 chain mail of the Hot Ocelot {rPois}
 19494 | Gauntlet | Identified the amulet "Efuffaim" {Reflect Int+4 SH+5
                  | Stlth+}
 19518 | Gauntlet | Noticed a minotaur
 19527 | Gauntlet | Killed a minotaur
 19646 | Lair:2   | Reached skill level 13 in Dodging
 20197 | Lair:2   | Identified the +8 mace "Genturawn" {vamp, rF+ Int+5 Dex+4
                  | Stlth-}
 20384 | Lair:2   | Found a hole to the Spider Nest.
 20917 | Lair:3   | Found a staircase to the Swamp.
 21956 | Lair:4   | Reached skill level 15 in Fighting
 21958 | Lair:4   | Reached skill level 15 in Axes
 21963 | Lair:4   | Reached XP level 14. HP: 135/135 MP: 4/13
 22470 | Lair:4   | Reached skill level 15 in Armour
 22595 | Lair:4   | Reached skill level 14 in Dodging
 22958 | Lair:5   | Entered Level 5 of the Lair of Beasts
 22958 | Lair:5   | Noticed rinqtmith's ghost (journeyman TrFi)
 22970 | Lair:5   | Acquired the ring "Cuzeixt" {rPois rF++ Str+2 Int-4 Slay+4}
 23047 | Lair:5   | Noticed Nessos
 23056 | Lair:5   | Killed Nessos
 23417 | Lair:5   | Found a viscous altar of Jiyva.
 23417 | Lair:5   | Found a staircase to the Slime Pits.
 23599 | Lair:5   | Found a runed translucent gate.
 23599 | Lair:5   | Found a runed translucent gate.
 23599 | Lair:5   | Found a runed translucent gate.
 23937 | Lair:5   | Received a gift from Trog
 25117 | Lair:5   | Found a viscous altar of Jiyva.
 25117 | Lair:5   | Found a staircase to the Slime Pits.
 25437 | Lair:5   | Killed rinqtmith's ghost
 25438 | Lair:5   | Reached skill level 15 in Dodging
 25438 | Lair:5   | Reached XP level 15. HP: 145/145 MP: 4/14
 25575 | Orc:1    | Entered Level 1 of the Orcish Mines
 25643 | Orc:2    | Entered Level 2 of the Orcish Mines
 25646 | Orc:2    | Found a staircase to the Elven Halls.
 25976 | Orc:2    | Found Oxa Cixi's Jewellery Boutique.
 25981 | Orc:1    | Noticed Erolcha
 25984 | Orc:1    | Killed Erolcha
 25988 | Orc:1    | Received a gift from Trog
 26195 | Orc:1    | Found a runed translucent gate.
 26195 | Orc:1    | Found a runed translucent gate.
 26195 | Orc:1    | Found a runed translucent gate.
 26196 | Orc:1    | Found an opulent altar of Gozag.
 26198 | Orc:1    | Noticed Dragonaires's ghost (journeyman GrFi)
 26441 | Orc:1    | Noticed Josephine
 26449 | Orc:1    | Killed Josephine
 26567 | Orc:1    | Found Apliun's Assorted Antiques.
 26708 | Orc:1    | Killed Dragonaires's ghost
 26746 | Orc:1    | Bought a scroll of acquirement for 1612 gold pieces
 26746 | Orc:1    | Acquired a manual of Dodging
 26968 | Orc:2    | Received a gift from Trog
 27506 | Orc:2    | Found Kynekh's Antique Armour Emporium.
 27509 | Orc:2    | Found Irhasatt's Distillery.
 27510 | Orc:2    | Found Geimp's Assorted Antiques.
 27511 | Orc:2    | Found Ridub's General Store.
 27518 | Orc:2    | Bought a steaming buckler for 199 gold pieces
 27518 | Orc:2    | Identified the +1 buckler of Bagargh {Slay+2} (You bought
                  | it in a shop on level 2 of the Orcish Mines)
 28506 | D:13     | Reached skill level 1 in Shields
 28649 | D:13     | Reached skill level 16 in Dodging
 28654 | D:13     | Found a runed translucent door.
 28654 | D:13     | Found a shimmering altar of Xom.
 28654 | D:13     | Noticed Seisakk's ghost (journeyman GnHW)
 28925 | D:13     | Found a gate to the Vaults.
 29069 | D:13     | Noticed Lodul
 29079 | D:13     | Killed Lodul
 29237 | D:13     | Killed Seisakk's ghost
 29460 | D:14     | Found a sparkling altar of Nemelex Xobeh.
 29624 | D:14     | Found a broken altar of Ashenzari.
 29848 | D:14     | Found a radiant altar of Vehumet.
 30036 | D:14     | Found a transporter.
 30278 | D:14     | Found a transporter.
 30314 | D:14     | Acquired the +0 pair of boots of Obucwys {Fly rN+ Int+3}
 30385 | D:15     | Entered Level 15 of the Dungeon
 30410 | D:15     | Reached XP level 16. HP: 87/153 MP: 15/15
 31060 | D:15     | Found a staircase to the Depths.
 31065 | D:15     | Reached skill level 17 in Dodging
 31173 | D:15     | Found a white marble altar of Elyvilon.
 31180 | D:15     | Reached skill level 5 in Shields
 31445 | Swamp:1  | Entered Level 1 of the Swamp
 31453 | Swamp:1  | Identified the +2 dagger of the Spectre {freeze, rElec
                  | rPois rF- Dex+4}
 32062 | Swamp:2  | Identified the +11 falchion of Mourning {vamp, Drain rPois
                  | rCorr Dex+3}
 32932 | Swamp:2  | Received a gift from Trog
 33569 | Swamp:3  | Reached skill level 18 in Dodging
 33848 | Swamp:4  | Entered Level 4 of the Swamp
 34272 | Swamp:4  | Paralysed by a fenstrider witch for 5 turns
 34794 | Swamp:4  | Received a gift from Trog
 34943 | Swamp:4  | Reached XP level 17. HP: 123/166 MP: 16/16
 35318 | Swamp:4  | Identified the +0 scale mail of Terror {Int+4}
 35332 | Swamp:4  | Got a decaying rune of Zot
 35882 | Spider:1 | Entered Level 1 of the Spider Nest
 35891 | Spider:1 | Reached skill level 19 in Dodging
 36075 | Spider:1 | Noticed Frances
 36082 | Spider:1 | Killed Frances
 36323 | Spider:1 | Received a gift from Trog
 38150 | Spider:3 | Reached skill level 10 in Shields
 38268 | Spider:3 | Noticed Jorgrun
 38277 | Spider:3 | Killed Jorgrun
 38791 | Spider:4 | Entered Level 4 of the Spider Nest
 38798 | Spider:4 | Reached skill level 20 in Dodging
 38817 | Spider:4 | Reached ****** piety under Trog
 38818 | Spider:4 | Reached XP level 18. HP: 141/176 MP: 17/17
 38869 | Spider:4 | Received a gift from Trog
 38952 | Spider:4 | Found a frozen archway.
 38983 | IceCv    | Entered an ice cave
 39690 | IceCv    | Killed from afar by a frost giant

Illustrated notes

Levels and vault maps discovered:
D:1:      sevenhm_arrival_forest_fort_small_4, layout_basic, serial_glass,
          glass_columns_c, glass_columns_a
D:2:      layout_rooms, uniq_jessica
D:3:      layout_loops_corners, kennysheep_nondescript
D:4:      layout_basic, kennysheep_little_box, grunt_temple_overflow_open,
          general_overflow_altar
D:5:      layout_basic, nicolae_sif_muna_little_library, gup_sewer_entry_spiral
D:6:      layout_basic, minmay_temple_entry_waves, serial_shops, shop,
          minivault_25
D:7:      layout_gridville, enter_bailey_4, eino_small_chamber_without_monster
D:8:      layout_loops_corners, mainiacjoe_overflow_paths,
          kennysheep_generic_room_6, uniq_erica
D:9:      layout_loops_ring, mainiacjoe_overflow_24_doors,
          chequers_serial_rivers_small_a, hangedman_fish_farm
D:10:     layout_gridville, eat_drink_and_be_merry_uskayaw,
          mainiacjoe_overflow_six_doors_small, ebering_ghost_xom
D:11:     gammafunk_mikee_crab_dinner, layout_basic,
          due_lair_maze_entry_diamond, zombieorc2_lemuel, serial_shops, shop
D:12:     layout_loops_cross, nzn_life_drinkers
D:13:     layout_long_grid, david_vaults_1, ebering_ghost_xom, uniq_lodul
D:14:     gammafunk_sealed_library, layout_long_grid,
          nemelex_lonely_heart_becter, ashenzari_altar_1
D:15:     grunt_enter_depths_snipers, layout_irregular_city, elyvilon_altar_5
Lair:1:   layout_hall_layers, infiniplex_staircase_pool_2, uniq_amaemon
Lair:2:   layout_chaotic_city, nicolae_spider_entry_orb_guardian,
          gauntlet_entry_generic, pdpol_lair_cavern_descent, grunt_megastairs_5
Lair:3:   layout_chaotic_city, swamp_mist, grunt_megastairs_4,
          infiniplex_staircase_pool
Lair:4:   layout_gridlike
Lair:5:   hangedman_lair_caniforms_friends, layout_small_grid,
          guppyfry_lair_end_dragon, dpeg_slime_entry_enclosed,
          maelrawn_ghost_gauntlet_escape, uniq_nessos
Swamp:1:  layout_basic_swamp, evilmike_swamp_ruin_wall
Swamp:2:  cheibrodos_swamp_heart_of_darkness, layout_basic_swamp,
          nicolae_swamp_very_dense_foliage, swamp_pool1
Swamp:3:  layout_basic_swamp, nicolae_swamp_oxbows
Swamp:4:  swamp_fiery, layout_basic_swamp, swamp_pool4,
          nicolae_swamp_bunyip_nook
Spider:1: layout_spider_delve, uniq_frances
Spider:2: layout_chambers
Spider:3: layout_spider_delve, hangedman_spider_tarantella_strand, uniq_jorgrun
Spider:4: grunt_spider_rune_circles, portal_ice_cave_entry_dragon, drop_trap,
          beargit_elvish_explorers, uniq_aizul
Orc:1:    layout_diamond_mine, ebering_ghost_gozag, basic_altar,
          nicolae_orc_lava_room, uniq_erolcha, uniq_josephine
Orc:2:    st_orc_pillars, layout_caves, serial_shops, shop, basic_altar
IceCv:    ice_cave_small_giant

Skill      XL: |  1  2  3  4  5  6  7  8  9 10 11 12 13 14 15 16 17 18 |
---------------+-------------------------------------------------------+-----
Axes           | 4 5 6 7 9 10 12 13 15 16 17 18 19 | 19.8
Fighting       | 4 5 6 7 9 10 12 13 15 16 17 18 19 | 19.7
Armour         | 3 4 5 6 7 9 10 12 13 14 16 17 18 19 | 19.6
Dodging        | 3 4 5 6 8 9 11 12 13 15 16 18 20 | 20.3
Shields        | 4 7 10 11 | 11.0

Action                     |  1- 3 |  4- 6 |  7- 9 | 10-12 | 13-15 | 16-18 || total
---------------------------+-------+-------+-------+-------+-------+-------++-------
  Melee: Hand axe          |    54 |   128 |   255 |   425 |       |       ||   862
         Headbutt          |    11 |    19 |    46 |    91 |   170 |   222 ||   559
         Punch             |       |     2 |     4 |     5 |       |       ||    11
         Executioner's axe |       |       |       |    35 |   601 |       ||   636
         Broad axe         |       |       |       |       |   185 |   836 ||  1021
  Throw: Boomerang         |       |       |     1 |    12 |       |    11 ||    24
 Invoke: Berserk           |     1 |     3 |     2 |    18 |    15 |    18 ||    57
         Trog's Hand       |       |       |       |     5 |     8 |     6 ||    19
         Brothers in Arms  |       |       |       |     2 |     6 |     3 ||    11
  Evoke: Wand              |       |       |       |     2 |       |       ||     2
    Use: Scroll            |       |     9 |     3 |     2 |    19 |     4 ||    37
   Stab: Distracted        |       |       |       |       |     2 |       ||     2
 Armour: Animal skin       |     8 |     9 |       |       |       |       ||    17
         Ring mail         |       |    14 |    36 |       |       |       ||    50
         Chain mail        |       |       |   156 |    17 |       |       ||   173
         Plate armour      |       |       |       |   384 |   399 |   355 ||  1138
  Dodge: Dodged            |    35 |    83 |   241 |   242 |   573 |   422 ||  1596
  Block: Other             |       |       |       |       |   128 |       ||   128
         Tower shield      |       |       |       |       |   168 |   889 ||  1057
         Reflection        |       |       |       |       |    14 |    26 ||    40
         Buckler           |       |       |       |       |     5 |       ||     5
